 Dungeon Crawl Stone Soup version 0.29-a0-542-g075992c915 (webtiles) character file.

Game seed: 16637817136160587065

58 dolemite99 the Slasher (level 3, -6/29 HPs)
             Began as a Demonspawn Berserker on June 4, 2022.
             Was a Follower of Trog.
             Mangled by a gnoll
             ... wielding a +0 flail
              (8 damage)
             ... on level 2 of the Dungeon.
             The game lasted 00:01:37 (1766 turns).

dolemite99 the Slasher (Demonspawn Berserker)       Turns: 1766, Time: 00:01:38

Health: -6/29      AC:  6    Str: 19    XL:     3   Next: 75%
Magic:  3/3        EV: 10    Int:  8    God:    Trog [*.....]
Gold:   37         SH:  6    Dex: 12    Spells: 2/2 levels left

rFire   . . .      SeeInvis .   a - +0 falchion
rCold   . . .      Faith    .   d - orb {light}
rNeg    . . .      Spirit   .   c - +0 scale mail
rPois   .          Reflect  .   (no helmet)
rElec   .          Harm     .   (no cloak)
rCorr   .          Rampage  .   (no gloves)
Will    .....                   (no boots)
Stlth   ..........              (no amulet)
HPRegen 0.09/turn               (no ring)
MPRegen 0.08/turn               (no ring)

@: on berserk cooldown, attractive, slowed, glowing, very slow
A: large bone plates 2
a: Renounce Religion, Berserk


You were on level 2 of the Dungeon.
You worshipped Trog.
Trog was aware of your devotion.
You visited 1 branch of the dungeon, and saw 2 of its levels.

You collected 37 gold pieces.

Inventory:

Hand Weapons
 a - a +0 falchion (weapon)
Armour
 b - a +0 animal skin
 c - a +0 scale mail (worn)
 d - an orb of light (worn)
 e - a +0 ring mail
Scrolls
 f - a scroll of poison {unknown}


   Skills:
 - Level 3.0 Fighting
 + Level 4.3 Long Blades
 - Level 1.7 Armour
 - Level 1.7 Dodging


You had 2 spell levels left.
You didn't know any spells.
Your spell library was empty.

Dungeon Overview and Level Annotations

Branches:
Dungeon (2/15)

Altars:


Innate Abilities, Weirdness & Mutations

You are mostly covered in large bone plates. (SH +6)


Message History

The gnoll draws strength from your wounds!
You slash the gnoll!
You kill the gnoll!
Trog accepts your kill.
You slash the gnoll!
The gnoll is heavily wounded.
The gnoll hits you with a +0 flail.
You hit the gnoll.
You kill the gnoll!
Trog accepts your kill.
A gnoll comes into view. It is wielding a +0 flail.
The gnoll shouts!
You hear a shout!
Things that are here:
a +0 flail; a +1 vampiric spear; a gnoll corpse You feel a strong urge to attack something.
You are no longer berserk.
You are exhausted.
You feel yourself slow down.
Okay, then.
The gnoll hits you with a +0 flail! The gnoll hits you with a +0 flail.
* * * LOW HITPOINT WARNING * * *
It was a potion of attraction.
You feel attractive to monsters. You block the gnoll's attack.
It was a potion of curing.
You feel better. The gnoll hits you with a +0 flail.
* * * LOW HITPOINT WARNING * * *
The gnoll misses you. The gnoll closely misses you.
The gnoll barely misses you.
You hit the gnoll.
The gnoll is moderately wounded.
The gnoll misses you. The gnoll hits you with a +0 flail.
* * * LOW HITPOINT WARNING * * *
As you read the scroll labelled CORIKL DOMESYRCH, it crumbles to dust.
You hear a loud clanging noise!
It was a scroll of noise.
You hear an angry hiss.
You hear a shout!
The gnoll hits you from afar with a +0 spear.
* * * LOW HITPOINT WARNING * * *
The gnoll hits you with a +0 flail!
You die...

#. ##. #.. . #.. ..
#..## ..# #...# ...#.
#...##....##.
#.#..#....#..
#...@.......#
#.#g##..#.#.# #.#g#
#.#.#.# ##
#.#)###.#.#.# ...
###..#.##.#.#.#####..##
#.>.###....†..#......g.
#.##.#.##............g.
#.###.###.#..##.####..
#.# #.# #.##.##.#


You could see 2 gnolls.

Vanquished Creatures
  2 gnolls (D:2)
  A worm (D:2)
  3 dart slugs (D:1)
  8 endoplasms
  A hobgoblin (D:1)
  3 kobolds (D:1)
  2 quokkas (D:1)
  4 ball pythons (D:1)
  3 bats (D:1)
  2 rats
29 creatures vanquished.

Notes
Turn   | Place    | Note
-------+----------+-------------------------------------------
     0 | D:1      | dolemite99 the Demonspawn Berserker began the quest for the
                  | Orb.
     0 | D:1      | Reached XP level 1. HP: 18/18 MP: 1/1
   198 | D:1      | Reached skill level 3 in Long Blades
   202 | D:1      | Gained mutation: You are partially covered in large bone
                  | plates. (SH +4) [demonic ancestry]
   202 | D:1      | Reached XP level 2. HP: 4/24 MP: 2/2
  1028 | D:1      | Gained mutation: You are mostly covered in large bone
                  | plates. (SH +6) [demonic ancestry]
  1028 | D:1      | Reached XP level 3. HP: 29/29 MP: 3/3
  1636 | D:2      | Reached skill level 4 in Long Blades
  1766 | D:2      | Mangled by a gnoll

Illustrated notes

Levels and vault maps discovered:
D:1:      dpeg_arrival_rooms_a, layout_basic
D:2:      layout_loops_ring, serial_shops, nicolae_square_shop, basic_altar,
          minmay_misc_feat_iff, minmay_shallow_snake_nest,
          uniq_crazy_yiuf_cottage

Skill      XL: |  1  2  3 |
---------------+----------+-----
Long Blades    | 3 4 |  4.3
Fighting       | |  3.0
Armour         | |  1.7
Dodging        | |  1.7

Action                   || total
-------------------------++-------
Melee: Falchion          ||    79
Invok: Berserk           ||     4
  Use: Potion            ||     2
       Scroll            ||     1
Armor: Animal skin       ||     4
       Scale mail        ||    17
Dodge: Dodged            ||    36
Block: Orb               ||    18

Table legend: (Time is in decaauts)
 A = Elapsed time spent in this place.
 B = Non-inter-level travel time spent in this place.
 C = Inter-level travel time spent in this place.
 D = Time resting spent in this place.
 E = Time spent auto-exploring this place.
 F = Levels seen in this place.
 G = Mean time per level.
                   A        B        C        D        E       F      G
               +--------+--------+--------+--------+--------+-----+--------+
         Total |   1805 |   1787 |     18 |    867 |    633 |   2 |  902.5 |
       Dungeon |   1805 |   1787 |     18 |    867 |    633 |   2 |  902.5 |
               +--------+--------+--------+--------+--------+-----+--------+

Top non-repeatable levels by time:
     D:1: 1587 daAuts
     D:2: 217 daAuts
